 Dungeon Crawl Stone Soup version 0.23.0 (webtiles) character file.

Game seed: 1809022813586016458

1663 Laan the Grappler (level 9, -1/93 HPs)
             Began as an Octopode Berserker on Feb 12, 2019.
             Was an Elder of Trog.
             Slain by a hippogriff (5 damage)
             ... on level 7 of the Dungeon.
             The game lasted 00:10:39 (6437 turns).

Laan the Grappler (Octopode Berserker)              Turns: 6437, Time: 00:10:40

Health: -1/93      AC:  1    Str: 21    XL:     9   Next: 1%
Magic:  9/9        EV: 16    Int: 10    God:    Trog [****..]
Gold:   309        SH:  3    Dex: 14    Spells: 8/8 levels left

rFire    . . .     SeeInvis .     - Unarmed
rCold    + . .     Gourm    .   f - +0 buckler
rNeg     . . .     Faith    .   (helmet restricted)
rPois    .         Spirit   .   (no amulet)
rElec    .         Reflect  .   t - ring of protection from cold
rCorr    .         Harm     .   (no ring)
MR       .....                  (no ring)
Stlth    ..........             (no ring)
HPRegen  0.25/turn              (no ring)
MPRegen  0.11/turn              (no ring)
                                (no ring)
                                (no ring)

@: berserking, very quick
A: almost no armour, stealthy swim, amphibious, 8 rings, constrict 8, camouflage
1, gelatinous body 1
a: Berserk, Trog's Hand, Brothers in Arms, Renounce Religion


You were on level 7 of the Dungeon.
You worshipped Trog.
Trog was greatly pleased with you.
You were hungry.

You visited 1 branch of the dungeon, and saw 7 of its levels.

You collected 309 gold pieces.

Inventory:

Missiles
 e - 235 stones (quivered)
Armour
 f - a +0 buckler (worn)
Magical Staves
 y - an uncursed staff of wizardry {unknown}
Jewellery
 r - an uncursed ring of protection from cold
 t - a ring of protection from cold (left tentacle)
Wands
 u - a wand of polymorph (7)
 w - a wand of iceblast (8)
 x - a wand of disintegration (2)
Scrolls
 b - 6 scrolls of identify {unknown}
 d - a scroll of fog {unknown}
 g - 2 scrolls of noise {unknown}
 h - a scroll of fear {unknown}
 j - 5 scrolls of remove curse {unknown}
 m - 4 scrolls of teleportation {unknown}
 n - 2 scrolls of enchant weapon {unknown}
 p - a scroll of magic mapping {unknown}
Potions
 c - a potion of berserk rage
 i - 2 potions of heal wounds
 k - 2 potions of curing {unknown}
 l - a potion of mutation {unknown}
 o - a potion of lignification {unknown}
 q - 2 potions of haste {unknown}
 s - a potion of ambrosia {unknown}
 v - a potion of brilliance {unknown}
Comestibles
 a - 10 rations
 z - 3 chunks of flesh


   Skills:
 + Level 6.3 Fighting
 + Level 6.2 Dodging
 * Level 8.5 Unarmed Combat


You had 8 spell levels left.
You didn't know any spells.
Your spell library was empty.

Dungeon Overview and Level Annotations

Branches:
Dungeon (7/15)
 Temple: D:4-7

Altars:
Ashenzari
Dithmenos
Makhleb
Qazlal
Uskayaw
Wu Jian
Yredelemnul
The Shining One

Shops:
D:6 }

Annotations:
D:6 3 runed translucent doors, KamiKatze's ghost, novice GrBe


Innate Abilities, Weirdness & Mutations

You cannot wear most types of armour.
You are very stealthy in the water. (Stealth+)
You are amphibious.
You can wear up to eight rings at the same time.
You can use your tentacles to constrict eight enemies at once.
Your skin changes colour to match your surroundings (Stealth+).
Your rubbery body absorbs attacks. (AC +1, EV +1)


Message History

Trog accepts your kill.
You have reached level 9!
Your experience leads to an increase in your attributes!
Your base attributes are Str 16, Int 10, Dex 13.
Increase (S)trength, (I)ntelligence, or (D)exterity?
You feel agile.
You bludgeon the hippogriff!
The hippogriff is moderately wounded.
The hippogriff bites you! The hippogriff pecks you.
* * * LOW HITPOINT WARNING * * *
The hippogriff claws you.
* * * LOW HITPOINT WARNING * * *
You barely miss the hippogriff. You squeeze the hippogriff!
The hippogriff is heavily wounded.
The hippogriff bites you!
* * * LOW HITPOINT WARNING * * *
The hippogriff pecks you.
* * * LOW HITPOINT WARNING * * *
The hippogriff claws you.
You die...

#### ...
#.#####.#
#...†@..#
######H.#
#[.# #..#
#..# #..#
#..# #...
#..#.


You could see a hippogriff.

Vanquished Creatures
  A hungry ghost (D:7)
  A water moccasin (D:7)
  An orc warrior (D:4)
  An ogre (D:6)
  2 sky beasts
  Blork the orc (D:5)
  5 killer bees (D:6)
  The ghost of tensugalgo the Chopper, a weakling DrGl (D:3)
  A howler monkey (D:6)
  A crimson imp (D:6)
  A bullfrog zombie (D:6)
  4 orc priests
  A gnoll shaman (D:5)
  A hound (D:4)
  3 orc wizards
  A worker ant (D:6)
  Robin (D:2)
  5 gnolls (D:6)
  10 adders
  2 shadow imps (D:6)
  An ooze (D:1)
  An adder skeleton (D:5)
  5 worms
  2 dart slugs (D:1)
  5 leopard geckos
  21 orcs
  2 ball pythons
  9 bats
  9 giant cockroaches
  2 gnoll zombies (D:3)
  14 goblins
  11 hobgoblins
  8 jackals
  10 kobolds
  3 quokkas
  5 frilled lizards
  A jackal zombie (D:6)
  A leopard gecko skeleton (D:3)
  A quokka zombie (D:6)
  11 rats
166 creatures vanquished.

Notes
Turn   | Place    | Note
-------+----------+-------------------------------------------
     0 | D:1      | Laan the Octopode Berserker began the quest for the Orb.
     0 | D:1      | Reached XP level 1. HP: 16/16 MP: 1/1
   116 | D:1      | Reached XP level 2. HP: 15/21 MP: 2/2
   342 | D:1      | Reached XP level 3. HP: 24/26 MP: 3/3
   466 | D:1      | Reached ** piety under Trog
   954 | D:2      | Found a hide-covered altar of Uskayaw.
   954 | D:2      | Noticed a +0 hand axe
   955 | D:2      | Noticed a +0 dagger
   965 | D:2      | Reached skill level 4 in Unarmed Combat
   967 | D:2      | Reached XP level 4. HP: 24/31 MP: 4/4
   991 | D:2      | Noticed Robin
  1338 | D:1      | HP: 2/48 [hobgoblin/+0 club[Robin] (5)]
  1635 | D:2      | Killed Robin
  1933 | D:2      | Reached XP level 5. HP: 36/37 MP: 5/5
  2379 | D:3      | Reached *** piety under Trog
  2427 | D:3      | Found a runed translucent door.
  2427 | D:3      | Noticed tensugalgo's ghost (weakling DrGl)
  2471 | D:3      | Killed tensugalgo's ghost
  2471 | D:3      | Reached skill level 5 in Unarmed Combat
  2652 | D:3      | Reached XP level 6. HP: 43/43 MP: 6/6
  3402 | D:3      | Found a basalt altar of Yredelemnul.
  3649 | D:4      | Noticed an orc warrior
  3660 | D:4      | Killed an orc warrior
  3907 | D:4      | Reached XP level 7. HP: 49/49 MP: 7/7
  3908 | D:4      | Reached skill level 6 in Unarmed Combat
  3911 | D:4      | Reached **** piety under Trog
  3968 | D:4      | Found an ornate altar of the Wu Jian Council.
  4110 | D:5      | Entered Level 5 of the Dungeon
  4204 | D:5      | Noticed Blork the orc
  4211 | D:5      | Killed Blork the orc
  4410 | D:5      | Found Kibbiom's Weapon Emporium.
  4596 | D:6      | Found a burning altar of Makhleb.
  4634 | D:5      | Reached skill level 5 in Fighting
  4634 | D:5      | Reached skill level 5 in Dodging
  4999 | D:6      | Found Heqifaown's Gadget Boutique.
  5239 | D:6      | Reached XP level 8. HP: 55/55 MP: 8/8
  5309 | D:6      | Reached skill level 7 in Unarmed Combat
  5341 | D:6      | Found a shadowy altar of Dithmenos.
  5802 | D:6      | Found a shattered altar of Ashenzari.
  5812 | D:6      | Found a glowing golden altar of the Shining One.
  5812 | D:6      | Found a stormy altar of Qazlal.
  5932 | D:6      | Found a runed translucent gate.
  5933 | D:6      | Found a runed translucent gate.
  5938 | D:6      | Found a runed translucent gate.
  5938 | D:6      | Noticed KamiKatze's ghost (novice GrBe)
  6291 | D:7      | Reached skill level 8 in Unarmed Combat
  6425 | D:7      | Noticed a hippogriff
  6435 | D:7      | Reached XP level 9. HP: 39/62 MP: 9/9
  6437 | D:7      | HP: 4/93 [hippogriff (5)]
  6437 | D:7      | Slain by a hippogriff

Skill      XL: |  1  2  3  4  5  6  7  8 |
---------------+-------------------------+-----
Unarmed Combat | 4 5 6 8 |  8.5
Fighting       | 4 5 6 |  6.3
Dodging        | 4 5 6 |  6.2

Action                   |  1- 3 |  4- 6 |  7- 9 || total
-------------------------+-------+-------+-------++-------
Melee: Unarmed           |    87 |   169 |   117 ||   373
       Constrict         |    22 |    44 |    31 ||    97
       Tentacles         |    18 |    35 |    31 ||    84
       Punch             |     2 |     8 |     8 ||    18
Invok: Berserk           |       |     5 |     7 ||    12
       Trog's Hand       |       |     1 |       ||     1
  Use: Potion            |       |       |     1 ||     1
 Stab: Sleeping          |     8 |     8 |     1 ||    17
  Eat: Chunk             |       |    13 |     9 ||    22
       Ration            |       |       |     2 ||     2
Armor: Skin              |     7 |     4 |     5 ||    16
Dodge: Dodged            |    50 |    83 |    92 ||   225
Block: Buckler           |     2 |    20 |    15 ||    37
